 Dungeon Crawl Stone Soup version 0.28-a0-1286-g6bde065e89 (webtiles) character file.

Game seed: 15579106320089212666

23238 Pooter the Grappler (level 12, -12/118 HPs)
             Began as a Troll Hunter on Dec 26, 2021.
             Was a High Priest of Okawaru.
             Killed from afar by a bog body (19 damage)
             ... with a bolt of cold
             ... on level 4 of the Lair of Beasts.
             The game lasted 01:44:53 (15205 turns).

Pooter the Grappler (Troll Hunter)                 Turns: 15205, Time: 01:44:53

Health: -12/118    AC: 10    Str: 27    XL:     12   Next: 70%
Magic:  14/16      EV: 14    Int:  7    God:    Okawaru [*****.]
Gold:   250        SH:  8    Dex: 10    Spells: 11/11 levels left

rFire   . . .      SeeInvis .     - Unarmed
rCold   . . .      Faith    .   G - +0 kite shield
rNeg    . . .      Spirit   .   o - +0 steam dragon scales
rPois   .          Reflect  .   r - +0 hat
rElec   .          Harm     .   k - +1 cloak
rCorr   +          Rampage  .   (gloves unavailable)
Will    .....                   (boots unavailable)
Stlth   +++.......              Z - amulet of the acrobat
HPRegen 1.09/turn               M - +4 ring of evasion
MPRegen 0.15/turn               C - ring of resist corrosion

@: heroic, slowed, very slow
A: large, unfitting armour, claws 3, regeneration 1, shaggy fur 1, tough skin 1
a: Renounce Religion, Heroism, Finesse, Duel


You were on level 4 of the Lair of Beasts.
You worshipped Okawaru.
Okawaru was extremely pleased with you.
You visited 2 branches of the dungeon, and saw 14 of its levels.

You collected 675 gold pieces.
You spent 425 gold pieces at shops.

Inventory:

Hand Weapons
 b - a +1 hand crossbow
   (You took it off a kobold on level 7 of the Dungeon)
 q - a +3 hunting sling of chaos
   (You took it off a goblin on level 4 of the Dungeon)
 w - a +0 war axe
   (You found it on level 4 of the Dungeon)
 H - a +2 flail of holy wrath
   (You took it off Edmund on level 5 of the Dungeon)
 I - a +2 quarterstaff of chaos
   (You took it off Crazy Yiuf on level 4 of the Dungeon)
 S - a +6 trident
   (You took it off a wight on level 9 of the Dungeon)
 U - a +3 rapier of electrocution
   (You took it off Duvessa on level 5 of the Dungeon)
Missiles
 c - 12 large rocks
 g - 10 atropa-tipped darts
 j - 155 sling bullets
 p - 38 poisoned darts (quivered)
 E - 582 stones
 F - 2 curare-tipped darts
 L - 8 boomerangs
 Q - 102 bolts
 T - 7 javelins
Armour
 h - a scarf of shadows
   (You found it on level 1 of the Lair of Beasts)
 k - a +1 cloak (worn)
   (You found it on level 5 of the Dungeon)
 o - +0 steam dragon scales (worn)
   (You found it on level 7 of the Dungeon)
 r - a +0 hat (worn)
   (Okawaru gifted it to you on level 3 of the Lair of Beasts)
 G - a +0 kite shield (worn)
   (You found it on level 4 of the Lair of Beasts)
 X - the +0 robe of Restlessness {Will+ Str+3 Int-5}
   (You bought it in a shop on level 6 of the Dungeon)

   Str:       It affects your strength (+3).
   Int:       It affects your intelligence (-5).
   Will:      It increases your willpower.
Jewellery
 v - a ring of magical power
   (You found it on level 3 of the Lair of Beasts)
 C - a ring of resist corrosion (right claw)
   (You found it on level 1 of the Dungeon)
 M - a +4 ring of evasion (left claw)
   (You found it on level 7 of the Dungeon)
 N - a ring of positive energy
   (You found it on level 1 of the Dungeon)
 Z - an amulet of the acrobat (around neck)
   (You found it on level 4 of the Dungeon)
Wands
 d - a wand of iceblast (7)
   (You found it on level 4 of the Lair of Beasts)
 f - a wand of flame (2)
   (You took it off Crazy Yiuf on level 4 of the Dungeon)
 u - a wand of paralysis (3)
   (You found it on level 4 of the Lair of Beasts)
 x - a wand of acid (9)
   (You took it off an orc on level 8 of the Dungeon)
 D - a wand of digging (7)
   (You found it on level 2 of the Lair of Beasts)
Scrolls
 a - 5 scrolls of magic mapping
 i - 2 scrolls of identify {@r1}
 s - 4 scrolls of immolation {!r}
 t - 3 scrolls of teleportation {@r4}
 y - 6 scrolls of fog
 K - 2 scrolls of noise {!r}
 V - a scroll of enchant armour
 W - 3 scrolls of fear
Potions
 e - 8 potions of curing {@q1}
 l - a potion of ambrosia
 m - 2 potions of heal wounds {@q2}
 n - a potion of cancellation
 z - 3 potions of flight
 A - a potion of berserk rage {unknown}
 B - 2 potions of attraction {!q}
 J - a potion of resistance
 O - a potion of magic {unknown}
 P - 3 potions of mutation {!q}
 R - 3 potions of lignification {!q}
 Y - a potion of haste {@q3}


   Skills:
 + Level 7.3(12.3) Fighting
 * Level 6.2(11.2) Crossbows
 - Level 7.5(12.5) Throwing
 - Level 1.5(6.5) Dodging
 - Level 0.3(5.3) Stealth
 + Level 1.1(6.1) Shields
 * Level 12.1(17.1) Unarmed Combat
 + Level 7.6 Invocations
 - Level 5.0 Evocations


You had 11 spell levels left.
You didn't know any spells.
Your spell library contained the following spells:

 Spells                   Type           Power      Damage    Failure   Level
 Slow                     Hex            0%         N/A       65%         1
 Confusing Touch          Hex            0%         N/A       95%         3
 Ozocubu's Armour         Ice            0%         N/A       95%         3
 Vampiric Draining        Necr           0%         2d6       95%         3
 Fulminant Prism          Conj/Hex       0%         3d6       100%        4
 Iskenderun's Mystic Bla  Conj/Tloc      0%         2d3       100%        4
 Passage of Golubria      Tloc           0%         N/A       100%        4
 Lee's Rapid Deconstruct  Erth           0%         3d5*      100%        5
 Metabolic Englaciation   Hex/Ice        0%         N/A       100%        5
 Yara's Violent Unravell  Hex/Tmut       0%         3d3       100%        5
 Tukima's Dance           Hex            Unusable   N/A       N/A         3
 Simulacrum               Ice/Necr       Unusable   N/A       N/A         6

Dungeon Overview and Level Annotations

Branches:
Dungeon (10/15)            Temple (0/1) D:6            Lair (4/6) D:9
 Spider (0/4) Lair:4
  Swamp: Lair:2-4    Shoals: Lair:2-4     Snake: Lair:2-4       Orc: D:9-12

Altars:
Dithmenos
Elyvilon
Gozag
Hepliaklqana
Okawaru
Ru
Sif Muna
Trog
Xom

Shops:
D:5 [   D:6 [![?

Annotations:
D:5 3 runed translucent doors, 12572944's ghost, novice DjFE; McGhostyFace's ghost, novice GnWz; RancidPinata's ghost, weakling GrDe; Urgle's ghost, novice MiBe; r3xj's ghost, novice MiFi
D:8 2 transporters, r3xj's ghost, novice MiFi
D:10 3 runed translucent doors, rougesareth's ghost, journeyman GrEE


Innate Abilities, Weirdness & Mutations

You are too large for most types of armour.
You have claws for hands.
Your natural rate of healing is unusually fast.
You are covered in fur. (AC +1)
You have tough skin. (AC +1)


Message History

The swamp worm looks as sick as possible!
You hear a splash.
You throw a poisoned dart. The poisoned dart hits the swamp worm!
The swamp worm looks as sick as possible!
The swamp worm fires a harpoon shot at you.
The harpoon shot misses you. You block the swamp worm's attack.
You closely miss the swamp worm. The swamp worm misses you.
You block the swamp worm's attack.
You closely miss the swamp worm. The swamp worm bites you!!
You completely miss the swamp worm. The swamp worm barely misses you.
You claw the swamp worm! You block the swamp worm's attack.
You claw the swamp worm! The swamp worm misses you.
You closely miss the swamp worm. The swamp worm bites you!
You claw the swamp worm!
You kill the swamp worm!
Okawaru accepts your kill.
A bog body comes into view.
b - a +1 hand crossbow (weapon)
You shoot a bolt. The bolt barely misses the bog body.
The bog body gestures at you while chanting.
You feel yourself slow down.
You shoot a bolt. The bolt hits the bog body!
You shoot a bolt. The bolt hits the bog body!
The bog body gestures at you while chanting.
The bolt of cold hits you!!
You shoot a bolt. The bolt closely misses the bog body.
The bog body touches you! The bog body freezes you!!
* * * LOW HITPOINT WARNING * * *
The bog body touches you!
* * * LOW HITPOINT WARNING * * *
The bog body freezes you!!
* * * LOW HITPOINT WARNING * * *
The bog body casts a spell at you. The bolt of cold hits you.
* * * LOW HITPOINT WARNING * * *
You are now empty-clawed.
The bog body points at you and mumbles some strange words.
The bolt of cold hits you!
* * * LOW HITPOINT WARNING * * *
You gain the combat prowess of a mighty hero.
The bog body closely misses you. The bog body completely misses you.
You claw the bog body!
The bog body gestures at you while chanting.
The bolt of cold hits you!!
* * * LOW HITPOINT WARNING * * *
You scratch the bog body.
The bog body gestures at you while chanting.
The bolt of cold hits you!!
You die...

..†....<......................≈≈≈
...........P#######.#####.#..PP≈≈
...#.......#### ############≈≈≈≈≈
..####.....##.###.#.#..#####♣♣≈≈≈
....##......................♣♣≈≈≈
......♣♣♣♣♣♣♣♣...............♣♣♣≈
..♣♣♣♣♣ ♣♣♣♣♣♣♣♣♣♣.†.........♣ ≈
.♣♣ ≈≈((≈≈≈°≈♣♣♣..(......♣♣♣ .♣
♣((..@♣...⌠.........♣♣ .♣
..(.♣.♣n....⌠†.........♣ .♣♣
≈≈≈≈≈≈≈≈≈♣♣♣............ ..♣
♣♣♣♣♣♣♣♣♣.............. ...
♣................P.. ..# .♣
♣♣................P. ..## ..♣
##.....###P.#....#P ...# #..#
#.....# ###....##. ...# #..##
#....## #......##.


You could see a bog body.

Vanquished Creatures
  2 hydras (Lair:4)
  5 death yaks (Lair:2)
  An oklob plant (Lair:4)
  4 cane toads
  6 komodo dragons
  A rime drake (Lair:4)
  A troll (D:4)
  2 hornets (D:10)
  A polar bear (Lair:2)
  20 blink frogs
  A jumping spider (Lair:4)
  A wraith (D:10)
  5 wyverns
  Eustachio (D:5)
  2 basilisks
  12 yaks
  3 redbacks (Lair:4)
  2 steam dragons (D:7)
  3 swamp worms (Lair:4)
  3 wargs (D:9)
  Edmund (D:5)
  7 water moccasins
  Duvessa (D:5)
  An acid dragon (D:7)
  An ice beast (D:7)
  A sky beast (D:5)
  2 orc warriors
  A black bear (D:5)
  2 ogres
  6 wolves
  3 centaurs
  2 phantoms
  11 bullfrogs
  5 kobold brigands
  A gnoll sergeant (D:8)
  4 scorpions
  A water moccasin zombie (D:7)
  Dowan (D:5)
  A water moccasin skeleton (D:6)
  22 killer bees
  7 wights
  2 howler monkeys (D:10)
  6 electric eels
  2 centaur zombies (D:9)
  A bullfrog zombie (D:3)
  3 hounds
  Crazy Yiuf (D:4)
  A gnoll shaman (D:8)
  9 orc priests
  A centaur skeleton (D:7)
  4 jellies
  5 iguanas
  3 orc wizards
  A killer bee zombie (D:7)
  A howler monkey zombie (D:8)
  Robin (D:4)
  7 adders
  17 gnolls
  A howler monkey skeleton (D:4)
  2 shadow imps
  4 ufetubi (D:4)
  2 worms
  2 dart slugs
  13 orcs
  8 ball pythons
  10 bats
  7 endoplasms
  7 giant cockroaches
  13 goblins
  11 hobgoblins
  A jackal (D:4)
  7 quokkas
  3 frilled lizards
  32 kobolds
  2 rats (D:1)
  A spectral hobgoblin (D:1)
  A spectral orc (D:10)
349 creatures vanquished.

Vanquished Creatures (others)
  An orc (D:9)
  23 fungi
  122 plants
146 creatures vanquished.

Grand Total: 495 creatures vanquished

Notes
Turn   | Place    | Note
-------+----------+-------------------------------------------
     0 | D:1      | Pooter the Troll Hunter began the quest for the Orb.
     0 | D:1      | Reached XP level 1. HP: 19/19 MP: 0/0
   165 | D:1      | Reached XP level 2. HP: 28/28 MP: 1/1
   254 | D:1      | Found a faded altar of an unknown god.
   267 | D:1      | Prayed at the altar of an unknown god.
   267 | D:1      | Became a worshipper of Warmaster Okawaru
   267 | D:1      | Reached * piety under Okawaru
   368 | D:1      | Reached skill level 1 in Unarmed Combat
   662 | D:2      | Reached XP level 3. HP: 35/35 MP: 2/2
   795 | D:2      | Reached skill level 2 in Unarmed Combat
  1216 | D:2      | Reached XP level 4. HP: 29/42 MP: 0/3
  1776 | D:3      | Reached skill level 1 in Invocations
  1776 | D:3      | Reached XP level 5. HP: 50/50 MP: 4/4
  1784 | D:3      | Reached skill level 3 in Unarmed Combat
  2206 | D:3      | Reached ** piety under Okawaru
  2207 | D:3      | Reached skill level 1 in Evocations
  2493 | D:4      | Noticed an ogre
  2503 | D:4      | Reached XP level 6. HP: 59/59 MP: 6/6
  2856 | D:4      | Reached skill level 4 in Unarmed Combat
  2950 | D:4      | Noticed Robin
  2961 | D:4      | Killed Robin
  3259 | D:4      | Reached XP level 7. HP: 59/67 MP: 4/7
  3800 | D:4      | Found a runed translucent door.
  3801 | D:4      | Noticed Crazy Yiuf
  4086 | D:4      | Killed Crazy Yiuf
  4156 | D:5      | Entered Level 5 of the Dungeon
  4184 | D:5      | Found a shimmering blue altar of Sif Muna.
  4224 | D:5      | Noticed Dowan
  4226 | D:5      | Noticed Duvessa
  4231 | D:5      | Reached skill level 5 in Throwing
  4232 | D:5      | Reached skill level 5 in Unarmed Combat
  4235 | D:5      | Killed Duvessa
  4242 | D:5      | Killed Dowan
  4293 | D:5      | Reached XP level 8. HP: 69/75 MP: 9/9
  4333 | D:5      | Reached *** piety under Okawaru
  4624 | D:5      | Found a runed translucent gate.
  4624 | D:5      | Found a runed translucent gate.
  4624 | D:5      | Found a runed translucent gate.
  4625 | D:5      | Noticed r3xj's ghost (novice MiFi)
  4626 | D:5      | Noticed RancidPinata's ghost (weakling GrDe)
  4626 | D:5      | Noticed Urgle's ghost (novice MiBe)
  4626 | D:5      | Noticed 12572944's ghost (novice DjFE)
  4626 | D:5      | Noticed McGhostyFace's ghost (novice GnWz)
  4702 | D:5      | Found Onemuunk's Antique Armour Shop.
  4794 | D:5      | Noticed a troll
  4817 | D:4      | Killed a troll
  4818 | D:4      | Reached skill level 6 in Unarmed Combat
  4922 | D:5      | Noticed Edmund
  4930 | D:5      | Killed Edmund
  4957 | D:5      | Noticed Eustachio
  4971 | D:5      | Killed Eustachio
  4981 | D:5      | Found a white marble altar of Elyvilon.
  5232 | D:6      | Found Piresam's Magic Scroll Shop.
  5244 | D:6      | Bought a scroll of enchant weapon for 82 gold pieces
  5244 | D:6      | Bought a scroll of identify for 22 gold pieces
  5244 | D:6      | Bought a scroll of enchant weapon for 82 gold pieces
  5266 | D:6      | Reached XP level 9. HP: 84/84 MP: 10/10
  5300 | D:6      | Found Ixus's Antique Armour Boutique.
  5315 | D:6      | Found a staircase to the Ecumenical Temple.
  5337 | D:6      | Found Xiedet's Antique Armour Boutique.
  5346 | D:6      | Found Isorueb's Antique Armour Boutique.
  5435 | D:6      | Found a bloodstained altar of Trog.
  5663 | D:6      | Found Darhuvvo's Distillery.
  5669 | D:6      | Reached skill level 7 in Unarmed Combat
  6118 | D:6      | Bought a potion of curing for 45 gold pieces
  6133 | D:7      | Reached **** piety under Okawaru
  6556 | D:7      | Found an opulent altar of Gozag.
  6570 | D:7      | Reached skill level 8 in Unarmed Combat
  6616 | D:7      | Reached skill level 5 in Fighting
  7294 | D:8      | Received a gift from Okawaru
  7297 | D:8      | Reached XP level 10. HP: 93/96 MP: 9/12
  7298 | D:8      | Reached skill level 1 in Crossbows
  7301 | D:8      | Reached skill level 5 in Invocations
  7393 | D:6      | Bought a potion of heal wounds for 75 gold pieces
  7428 | D:8      | Found a sacrificial altar of Ru.
  7434 | D:8      | Found a transporter.
  7436 | D:8      | Noticed r3xj's ghost (novice MiFi)
  7515 | D:8      | Found a transporter.
  8229 | D:9      | Found a shadowy altar of Dithmenos.
  8306 | D:9      | Received a gift from Okawaru
  8776 | D:9      | Reached skill level 9 in Unarmed Combat
  8831 | D:9      | Found a staircase to the Lair.
  9173 | D:9      | Found a shimmering altar of Xom.
  9453 | D:10     | Entered Level 10 of the Dungeon
  9822 | D:10     | Found a hazy altar of Hepliaklqana.
  9933 | D:10     | Found a runed translucent gate.
  9936 | D:10     | Found a runed translucent gate.
  9937 | D:10     | Found a runed translucent gate.
 10038 | D:10     | Noticed rougesareth's ghost (journeyman GrEE)
 10370 | D:6      | Bought a transparent robe for 119 gold pieces
 10370 | D:6      | Identified the +0 robe of Restlessness {Will+ Str+3 Int-5}
                  | (You bought it in a shop on level 6 of the Dungeon)
 10450 | Lair:1   | Entered Level 1 of the Lair of Beasts
 10557 | Lair:1   | Noticed a cane toad
 10563 | Lair:1   | Killed a cane toad
 10564 | Lair:1   | Reached XP level 11. HP: 95/105 MP: 11/14
 11720 | Lair:2   | Noticed a death yak
 11720 | Lair:2   | Noticed a death yak
 11779 | Lair:2   | Upgraded the game from 0.28-a0-1236-gb25a51b929 to
                  | 0.28-a0-1286-g6bde065e89
 11916 | Lair:2   | Reached skill level 10 in Unarmed Combat
 11916 | Lair:2   | Reached skill level 5 in Evocations
 12007 | Lair:2   | Noticed a death yak
 12007 | Lair:2   | Noticed a death yak
 12580 | Lair:2   | Received a gift from Okawaru
 12587 | Lair:2   | Reached ***** piety under Okawaru
 12697 | Lair:2   | Killed a death yak
 12697 | Lair:2   | Noticed a death yak
 12706 | Lair:2   | Killed a death yak
 12713 | Lair:2   | Killed a death yak
 12719 | Lair:2   | Killed a death yak
 12719 | Lair:2   | Received a gift from Okawaru
 12724 | Lair:2   | Killed a death yak
 12992 | Lair:3   | Received a gift from Okawaru
 13233 | Lair:3   | Reached skill level 5 in Crossbows
 13233 | Lair:3   | Reached skill level 11 in Unarmed Combat
 13603 | Lair:3   | Reached XP level 12. HP: 92/115 MP: 16/16
 14232 | Lair:4   | Noticed a five-headed hydra
 14244 | Lair:4   | Killed a five-headed hydra
 14508 | Lair:4   | Noticed a six-headed hydra
 14520 | Lair:4   | Killed a six-headed hydra
 14656 | Lair:4   | Found a hole to the Spider Nest.
 14828 | Lair:4   | Reached skill level 12 in Unarmed Combat
 14935 | Lair:4   | Reached skill level 1 in Shields
 15204 | Lair:4   | HP: 5/118 [bog body/bolt of cold (18)]
 15205 | Lair:4   | Killed from afar by a bog body

Illustrated notes

Levels and vault maps discovered:
D:1:      dpeg_arrival_simpleton_c, layout_basic,
          dreamdust_ecumenical_altar_drowned_temple
D:2:      minmay_recursive_quarters, layout_basic, kennysheep_boxes
D:3:      layout_basic
D:4:      minmay_chambers_of_threes, layout_cave_pods, minmay_bisected,
          uniq_crazy_yiuf_cottage, uniq_robin
D:5:      layout_cave_pools, mainiacjoe_overflow_small_starburst,
          overflow_temple_1_default, serial_shops, shop,
          gammafunk_ghost_cemetery, kennysheep_path_1, roderic_lattice_a,
          uniq_edmund, uniq_eustachio, uniq_duvessa
D:6:      layout_cave_pools, mainiacjoe_overflow_alcove_4,
          minmay_temple_entry_junction, serial_shops, shop, shop,
          nicolae_stop_n_shop_1, nicolae_stop_n_shop_1, shop, serial_bayou,
          serial_bayou_pond_e, serial_bayou_shore_a, serial_bayou_lake_a,
          serial_bayou_pond_e
D:7:      layout_loops_ring, nicolae_gozag_seed_capital
D:8:      layout_basic, overflow_temple_1_default, gammafunk_ghost_stat_death
D:9:      layout_basic, mainiacjoe_overflow_six_doors_small, lemuel_tele_altar,
          erik_lair_orcish_takeover
D:10:     layout_loops_cross, nicolae_hepliaklqana_monster_ancestors,
          gammafunk_ghost_icy
Lair:1:   layout_cave_pods, infiniplex_staircase_pool
Lair:2:   layout_roguey, lemuel_fruit_tree, grunt_megastairs_4
Lair:3:   layout_small_grid
Lair:4:   layout_small_grid, nicolae_swamp_entry_splash_gauntlet,
          spider_nest_entry_funnel_web, serial_bayou, serial_bayou_lagoon_b,
          serial_bayou_lagoon_a, serial_bayou_pond_b, serial_bayou_pond_d,
          st_stairs_10, hibernation_bobbens

Skill      XL: |  1  2  3  4  5  6  7  8  9 10 11 12 |
---------------+-------------------------------------+-----
Unarmed Combat | 1 2 3 4 5 6 8 9 11 12 | 12.1
Fighting       | 2 3 4 5 6 7 |  7.3
Throwing       | 4 5 6 7 |  7.5
Invocations    | 1 2 3 4 5 6 7 |  7.6
Evocations     | 1 2 3 4 5 |  5.0
Crossbows      | 3 5 6 |  6.2
Shields        | 1 |  1.1
Dodging        | |  1.5
Stealth        | |  0.3

Action                   |  1- 3 |  4- 6 |  7- 9 | 10-12 || total
-------------------------+-------+-------+-------+-------++-------
Melee: Unarmed           |    56 |   126 |   137 |   355 ||   674
       Punch             |       |     3 |     7 |    16 ||    26
       War axe           |       |       |    12 |       ||    12
       Double sword      |       |       |       |    25 ||    25
       Trident           |       |       |       |    11 ||    11
 Fire: Hunting sling     |       |    19 |    76 |       ||    95
       Hand crossbow     |       |       |    11 |   167 ||   178
Throw: Large rock        |     3 |     3 |     5 |     9 ||    20
       Dart              |    23 |    37 |    35 |    94 ||   189
       Throwing net      |     1 |     1 |       |       ||     2
Invok: Heroism           |     1 |     3 |    13 |    38 ||    55
Evoke: Wand              |       |     7 |    19 |    13 ||    39
  Use: Scroll            |       |     1 |    15 |    10 ||    26
       Potion            |       |       |       |     1 ||     1
 Stab: Sleeping          |     1 |     1 |     2 |       ||     4
       Invisible         |       |       |     1 |       ||     1
Armor: Robe              |    23 |    43 |       |       ||    66
       Animal skin       |       |     2 |    35 |       ||    37
       Steam dragon scal |       |       |    20 |   118 ||   138
Dodge: Dodged            |    33 |   106 |   121 |   276 ||   536
Block: Kite shield       |       |       |       |    44 ||    44

Table legend: (Time is in decaauts)
 A = Elapsed time spent in this place.
 B = Non-inter-level travel time spent in this place.
 C = Inter-level travel time spent in this place.
 D = Time resting spent in this place.
 E = Time spent auto-exploring this place.
 F = Levels seen in this place.
 G = Mean time per level.
                   A        B        C        D        E       F      G
               +--------+--------+--------+--------+--------+-----+--------+
         Total |  15165 |  14604 |    561 |   2308 |   9041 |  14 | 1083.2 |
       Dungeon |  10471 |  10010 |    461 |   1420 |   6350 |  10 | 1047.1 |
          Lair |   4694 |   4595 |     99 |    888 |   2691 |   4 | 1173.5 |
               +--------+--------+--------+--------+--------+-----+--------+

Top non-repeatable levels by time:
     D:4: 1717 daAuts
  Lair:2: 1548 daAuts
     D:9: 1351 daAuts
  Lair:4: 1307 daAuts
     D:7: 1184 daAuts
     D:5: 1040 daAuts
     D:8: 992 daAuts
     D:2: 981 daAuts
  Lair:1: 929 daAuts
     D:6: 922 daAuts
  Lair:3: 909 daAuts
    D:10: 810 daAuts
     D:3: 805 daAuts
     D:1: 665 daAuts
